 Dungeon Crawl Stone Soup version 0.31.0-9-g3a7656b989 (webtiles) character file.

Game seed: 4227640326098806323

10574 Sobieck the Grappler (level 11, -24/100 HPs)
             Began as a Naga Shapeshifter on Jan 24, 2024.
             Was a Priest of Cheibriados.
             Incinerated by a deep elf pyromancer (30 damage)
             ... with a pyre arrow
             ... on level 8 of the Dungeon.
             The game lasted 00:48:39 (12217 turns).

Sobieck the Grappler (Naga Shapeshifter)           Turns: 12217, Time: 00:48:40

Health: -24/100    AC:  6    Str: 29    XL:     11   Next: 64%
Magic:  14/14      EV:  8    Int: 18    God:    Cheibriados [***...]
Gold:   595        SH: 20    Dex: 25    Spells: 10/10 levels left

rFire   . .          .
                       - Unarmed
rCold   . . .        h - +3 tower shield
rNeg    . . .        i - +0 scale mail
rPois   +            (helmet currently unavailable)
rElec   .            (cloak currently unavailable)
rCorr   .            (gloves currently unavailable)
SInv    +            (no barding)
Will    ++...        (no amulet)
Stlth   +            m - ring of willpower
HPRegen 0.36/turn    y - +6 ring of dexterity
MPRegen 0.14/turn

%: no passive effects
@: on fire, beast-form, glowing, very slow
A: beast (slay +3), AC +3, large, see invisible, deformed body, poison
resistance, slowness 2, spit poison 1, naga tail 1
a: Spit Poison, Begin Untransformation, Renounce Religion, Bend Time, Temporal
Distortion


You were on level 8 of the Dungeon.
You worshipped Cheibriados.
Cheibriados was most pleased with you.
You were a hulking beast.
You visited 2 branches of the dungeon, and saw 12 of its levels.

You collected 595 gold pieces.

Inventory:

Hand Weapons
 w - the +1 battleaxe "Abynaecw" {venom, rC+ Str+2 Dex+3}
   (You found it on level 5 of the Dungeon)

   Str+2:     It affects your strength (+2).
   Dex+3:     It affects your dexterity (+3).
   rC+:       It protects you from cold.
Missiles
 j - 90 stones
 k - 9 poisoned darts (quivered)
 t - 6 boomerangs
 F - 4 curare-tipped darts
Armour
 a - a +0 helmet
 e - the +1 leather armour "Qof Muoq" {Int+4}
   (You found it on level 7 of the Dungeon)

   Int+4:     It affects your intelligence (+4).
 f - a +0 cloak
 h - a +3 tower shield (worn)
 i - a +0 scale mail (worn)
 s - a +0 chain mail
 v - a +2 kite shield
 A - a +0 helmet
 C - a +0 helmet
Jewellery
 m - a ring of willpower (left hand)
 u - a ring of fire
 y - a +6 ring of dexterity (right hand)
Talismans
 c - a beast talisman
 d - a flux talisman
Wands
 b - a wand of mindburst (7)
 E - a wand of charming (20)
 V - a wand of flame (17)
Scrolls
 l - 2 scrolls of noise
 n - 5 scrolls of fog
 q - 2 scrolls of immolation {unknown}
 r - a scroll of poison
 x - a scroll of torment
 z - a scroll of summoning {unknown}
 B - a scroll of revelation
Potions
 o - 2 potions of mutation
 p - 2 potions of lignification


   Skills:
 + Level 7.3 Fighting
 - Level 1.0 Armour
 + Level 3.7 Dodging
 - Level 2.0 Stealth
 - Level 5.0 Shields
 * Level 13.1 Unarmed Combat
 + Level 4.1 Invocations
 * Level 6.5 Shapeshifting


You had 10 spell levels left.
You didn't know any spells.
Your spell library contained the following spells:

 Spells                   Type           Power      Damage    Failure   Level
 Foxfire                  Conj/Fire      0%         2x1d4     89%         1
 Magic Dart               Conj           0%         1d3       89%         1
 Blink                    Tloc           0%         N/A       96%         2
 Call Imp                 Summ           0%         N/A       96%         2
 Ensorcelled Hibernation  Hex/Ice        0%         N/A       96%         2
 Lesser Beckoning         Tloc           0%         N/A       96%         2
 Momentum Strike          Conj/Tloc      0%         3d8       96%         2
 Sublimation of Blood     Necr           0%         N/A       96%         2
 Call Canine Familiar     Summ           0%         N/A       99%         3
 Inner Flame              Hex/Fire       0%         N/A       99%         3
 Passwall                 Erth           0%         N/A       99%         3
 Sigil of Binding         Hex            0%         N/A       99%         3
 Swiftness                Air            0%         N/A       99%         3
 Dimensional Bullseye     Hex/Tloc       0%         N/A       100%        4
 Flame Wave               Conj/Fire      0%         2d4       100%        4
 Passage of Golubria      Tloc           0%         N/A       100%        4
 Petrify                  Alch/Erth      0%         N/A       100%        4
 Sticky Flame             Fire/Alch      0%         2d4       100%        4
 Vhi's Electric Charge    Tloc/Air       0%         N/A       100%        4
 Arcjolt                  Conj/Air       0%         1d10      100%        5
 Irradiate                Conj/Alch      0%         3d11      100%        5
 Iskenderun's Battlesphe  Conj           0%         2d6       100%        5
 Silence                  Hex/Air        0%         N/A       100%        5
 Bombard                  Conj/Erth      0%         9d1       100%        6
 Plasma Beam              Fire/Air       0%         2x1d10    100%        6
 Starburst                Conj/Fire      0%         6d3       100%        6
 Spellforged Servitor     Conj/Summ      0%         N/A       100%        7
 Lehudib's Crystal Spear  Conj/Erth      0%         10d2      100%        8


Dungeon Overview and Level Annotations

Branches:
Dungeon (11/15)            Temple (1/1) D:7             Orc (0/2) D:9
   Lair: D:8-11

Altars:
Ashenzari
Cheibriados
Dithmenos
Elyvilon
Fedhas
Gozag
Hepliaklqana
Kikubaaqudgha
Makhleb
Nemelex Xobeh
Qazlal
Sif Muna
Trog
Uskayaw
Vehumet
Wu Jian
Xom
Yredelemnul
Zin
The Shining One

Shops:
D:1 (

Annotations:
D:6 Jeremiah
D:8 Gastronok


Innate Abilities, Weirdness & Mutations

You are a hulking beast.
Your limbs bulge with bestial killing power. (Slay +3)
Your serpentine skin is tough. (AC +3)
You have supernaturally acute eyesight. (SInv)
Armour fits poorly on your strangely shaped body.
Your system is resistant to poisons. (rPois)
You cover ground very slowly.
You can spit poison.
You have a snake-like lower body.


Message History

Unknown command.
Unknown command.
You block the gnoll's attack. x2
You block the deep elf pyromancer's attack.
The cyclops hits you!
There is a stone staircase leading up, spattered with blood here.
The deep elf pyromancer hits you with a +0 rapier.
You block the gnoll's attack.
You climb upwards.
Level annotation: Gastronok
There is a stone staircase leading down, spattered with blood here.
Unknown command.
Unknown command.
You hit the deep elf pyromancer.
The deep elf pyromancer is lightly wounded.
You block the deep elf pyromancer's attack.
You block the cyclops's attack.
You pummel the deep elf pyromancer!!
The deep elf pyromancer is severely wounded.
The deep elf pyromancer points at you and mumbles some strange words.
The pyre arrow hits you.
You are covered in intense liquid fire!
The cyclops hits you!
Unknown command.
You shake off some of the fire as you move.
The liquid fire burns you!
* * * LOW HITPOINT WARNING * * *
The deep elf pyromancer casts a spell at you.
The pyre arrow hits you.
You are even more covered in intense liquid fire!
The cyclops hits you but does no damage.
The deep elf pyromancer hits you with a +0 rapier.
* * * LOW HITPOINT WARNING * * *
You block the cyclops's attack.
Okay, then.
Unknown command.
As you read the scroll of teleportation, it crumbles to dust.
You feel strangely unstable. The liquid fire burns you!
* * * LOW HITPOINT WARNING * * *
You block the deep elf pyromancer's attack.
Unknown command.
You shake off some of the fire as you move.
The liquid fire burns you!
* * * LOW HITPOINT WARNING * * *
Your surroundings seem slightly different.
Unknown command.
You shake off some of the fire as you move.
The liquid fire burns you!
You die...

###.# ##~h..~ #.# #.# #≈~...~
##### #.# #.# ~...~ #...# ##.##
#.# #...# #####.# #...# #.# ...#
#..##.# #.... #.# #..# #<.##.#
#...# # #.# ##..#
#..##.######.## # #.#
##...###..##......[... # #.#
##....h.......<......##
#####.#####..........###########
..................##.#
####.######...eC..##.# .....#
##.[...###.# ###### ##>..####.#
##.§.....# #########


You could see a cyclops and a deep elf pyromancer.

Vanquished Creatures
  An ogre mage (D:10)
  A two-headed ogre (D:11)
  A boulder beetle (D:11)
  2 cyclopes
  2 ugly things
  2 trolls (D:11)
  A slime creature (D:10)
  10 yaks
  A warg (D:11)
  5 vampire mosquitoes
  A steam dragon (D:8)
  A wyvern (D:9)
  An acid dragon (D:10)
  An ice beast (D:6)
  An orc warrior (D:9)
  2 black bears
  2 sky beasts
  2 ogres
  4 centaurs
  A wolf (D:11)
  3 kobold brigands
  4 bullfrogs
  2 scorpions
  2 gnoll sergeants
  10 wights
  9 killer bees
  3 howler monkeys (D:9)
  3 electric eels (D:8)
  5 orc priests
  A jelly (D:4)
  4 hounds
  A sleepcap (D:5)
  2 iguanas
  Ijyb (D:3)
  Natasha (D:4)
  14 orc wizards
  18 gnolls
  11 adders
  2 shadow imps
  2 ribbon worms
  3 dart slugs
  44 orcs
  6 endoplasms
  4 giant cockroaches
  6 hobgoblins
  4 jackals
  4 quokkas
  6 ball pythons
  5 bats
  5 frilled lizards
  6 goblins
  25 kobolds
  2 rats (D:2)
260 creatures vanquished.

Vanquished Creatures (others)
  A kobold (D:9)
1 creature vanquished.

Grand Total: 261 creatures vanquished

Notes
Turn   | Place    | Note
-------+----------+-------------------------------------------
     0 | D:1      | Sobieck the Naga Shapeshifter began the quest for the Orb.
     0 | D:1      | Reached XP level 1. HP: 18/18 MP: 1/1
    79 | D:1      | Reached skill level 1 in Stealth
   154 | D:1      | Reached XP level 2. HP: 15/25 MP: 2/2
   811 | D:1      | Found Elebolyda's Weapon Boutique.
  1019 | D:1      | Reached XP level 3. HP: 31/31 MP: 3/3
  1743 | D:3      | Reached XP level 4. HP: 39/39 MP: 4/4
  1917 | D:3      | Found a shimmering blue altar of Sif Muna.
  1942 | D:3      | Found a shadowy altar of Dithmenos.
  2075 | D:3      | Reached skill level 1 in Shields
  2179 | D:3      | Reached skill level 1 in Armour
  2290 | D:3      | Noticed Ijyb
  2303 | D:3      | Killed Ijyb
  2304 | D:3      | Reached XP level 5. HP: 22/45 MP: 5/5
  2477 | D:3      | Reached skill level 4 in Unarmed Combat
  2792 | D:2      | Reached XP level 6. HP: 48/55 MP: 6/6
  3280 | D:4      | Noticed a sky beast
  3293 | D:3      | Killed a sky beast
  3617 | D:4      | Reached skill level 3 in Fighting
  3617 | D:4      | Reached skill level 5 in Unarmed Combat
  3617 | D:4      | Reached XP level 7. HP: 62/62 MP: 7/7
  3935 | D:4      | Noticed Natasha
  3940 | D:4      | Killed Natasha
  4366 | D:5      | Entered Level 5 of the Dungeon
  4373 | D:5      | Found a radiant altar of Vehumet.
  4723 | D:5      | Reached skill level 3 in Shields
  5134 | D:5      | Found a basalt altar of Yredelemnul.
  5159 | D:5      | Reached skill level 6 in Unarmed Combat
  5226 | D:5      | Reached XP level 8. HP: 57/72 MP: 8/8
  5508 | D:5      | Identified the +1 battleaxe "Abynaecw" {venom, rC+ Str+2
                  | Dex+3}
  5769 | D:6      | Noticed Jeremiah
  5824 | D:6      | HP: 1/61 [Jeremiah/divine providence (12)]
  6268 | D:6      | Reached skill level 7 in Unarmed Combat
  7135 | D:7      | Identified the +1 leather armour "Qof Muoq" {Int+4}
  7243 | D:7      | Reached skill level 8 in Unarmed Combat
  7243 | D:7      | Reached XP level 9. HP: 53/81 MP: 9/9
  7478 | D:7      | Reached skill level 6 in Fighting
  7478 | D:7      | Reached skill level 9 in Unarmed Combat
  7773 | D:7      | Reached skill level 10 in Unarmed Combat
  8425 | D:7      | Found a staircase to the Ecumenical Temple.
  8440 | Temple   | Entered the Ecumenical Temple
  8448 | Temple   | Became a worshipper of Cheibriados the Contemplative
  8610 | D:8      | Reached XP level 10. HP: 91/91 MP: 10/10
  8614 | D:8      | Reached skill level 11 in Unarmed Combat
  8683 | D:8      | Found a hide-covered altar of Uskayaw.
  8904 | D:8      | Noticed a cyclops
  8913 | D:8      | Killed a cyclops
  8970 | D:8      | Reached skill level 12 in Unarmed Combat
  8972 | D:8      | Reached * piety under Cheibriados
  9294 | D:8      | Noticed Gastronok
  9556 | D:8      | Found a hazy altar of Hepliaklqana.
 10017 | D:8      | Reached skill level 1 in Invocations
 10119 | D:9      | Found a staircase to the Orcish Mines.
 10129 | D:9      | You fall into a shaft and drop 2 floors!
 10266 | D:11     | Reached ** piety under Cheibriados
 10588 | D:11     | Noticed a cyclops
 10702 | D:11     | Killed a cyclops
 10703 | D:11     | Reached XP level 11. HP: 99/99 MP: 12/12
 11022 | D:10     | Entered Level 10 of the Dungeon
 11022 | D:10     | Noticed a two-headed ogre
 11036 | D:11     | Killed a two-headed ogre
 11037 | D:11     | Reached skill level 3 in Dodging
 11037 | D:11     | Reached skill level 3 in Invocations
 11163 | D:10     | Noticed a red ugly thing
 11163 | D:10     | Noticed an ogre mage
 11163 | D:10     | Noticed a two-headed ogre
 11170 | D:10     | Noticed a boulder beetle
 11172 | D:10     | Noticed a white ugly thing
 11179 | D:10     | Killed a red ugly thing
 11312 | D:11     | Killed a boulder beetle
 11313 | D:11     | Reached skill level 6 in Shapeshifting
 11449 | D:11     | Killed a white ugly thing
 11529 | D:10     | Killed an ogre mage
 11529 | D:10     | Reached *** piety under Cheibriados
 11530 | D:10     | Reached skill level 13 in Unarmed Combat
 11877 | D:9      | Noticed a deep elf pyromancer
 11877 | D:9      | Noticed a cyclops
 12216 | D:8      | HP: 5/100 [burnt (16)]
 12217 | D:8      | Incinerated by a deep elf pyromancer

Illustrated notes

Levels and vault maps discovered:
D:1:      lightli_arrival_boilingwater, layout_basic, serial_shops, shop,
          corexii_item_surrounded_by_moat, solitary_fountain
D:2:      layout_loops_ring, minmay_misc_feat_ornament
D:3:      layout_loops_corners, nicolae_dithmenos_shadow_blocks,
          lemuel_blue_sif_altar, kennysheep_potato, uniq_ijyb
D:4:      minmay_chambers_of_fours, layout_basic, kennysheep_decorative_pillar,
          minmay_misc_feat_alley, uniq_natasha
D:5:      layout_cave_pools, overflow_temple_1_default,
          mainiacjoe_overflow_small_starburst
D:6:      layout_loops_ring, chequers_serial_rivers_small_b, uniq_jeremiah
D:7:      layout_basic, minmay_temple_entry_junction
D:8:      layout_loops_ring, lemuel_coloured_pillars_altar,
          kennysheep_little_box, nicolae_have_a_lightning_rod, uniq_gastronok
D:9:      layout_big_octagon, hiddenorc1_lemuel, serial_park, serial_park_gazebo
          [serial_park_minivault_5x5_2], serial_park_tiny_1, serial_park_tiny_1,
          serial_park_square1 [serial_park_minivault_5x5_5],
          serial_park_square2, chequers_garden, nicolae_shop_unique_rings,
          minivault_20, hangedman_abyss_or_decor_stabs
D:10:     minmay_bloctagon, layout_irregular_city, okawaru_altar_gauntlet_db,
          nicolae_overflow_hidden_temple, amcnicky_mini_pool_small,
          ldierk_geyser
D:11:     layout_basic, erik_lair_orcish_takeover
Temple:   nicolae_temple_two_arcs

Skill      XL: |  1  2  3  4  5  6  7  8  9 10 11 |
---------------+----------------------------------+-----
Stealth        | 1 2 |  2.0
Shields        | 1 2 3 4 5 |  5.0
Armour         | 1 |  1.0
Fighting       | 2 3 4 5 6 7 |  7.3
Unarmed Combat | 4 5 6 8 10 12 13 | 13.1
Shapeshifting  | 4 5 6 |  6.5
Invocations    | 2 4 |  4.1
Dodging        | 2 3 |  3.7

Action                     |  1- 3 |  4- 6 |  7- 9 | 10-12 || total
---------------------------+-------+-------+-------+-------++-------
  Melee: Unarmed           |    97 |    97 |   380 |   295 ||   869
         Punch             |     1 |       |       |       ||     1
  Throw: Stone             |       |     2 |       |       ||     2
         Dart              |       |       |     1 |     6 ||     7
Ability: Spit Poison       |     9 |    14 |    16 |    15 ||    54
  Evoke: Wand              |       |     4 |     2 |     8 ||    14
    Use: Scroll            |       |     7 |     9 |     7 ||    23
         Potion            |       |       |     3 |     3 ||     6
   Stab: Sleeping          |     1 |       |       |       ||     1
         Invisible         |       |       |       |     3 ||     3
 Armour: Animal skin       |     9 |       |       |       ||     9
         Scale mail        |    45 |    51 |   252 |   157 ||   505
  Dodge: Dodged            |    23 |    10 |    66 |    59 ||   158
  Block: Tower shield      |    47 |    49 |   383 |   336 ||   815
